cohdb
Replays
Latest Replays
All Replays
Popular Replays
Top Player Replays
Match Explorer
How It Works
Community
CoH3 Stats
Reddit
Sign in to upload your games and track your stats! →
Sign in with Steam
Match 38055495
Unlisted
Match 38055495
Overview
Messages
Build Orders
End
Construct Weapon Support Center
Construct Barracks
Riflemen Squad
Selects Armored Battlegroup
Selects Armored Battlegroup
Selects Armored Battlegroup
Riflemen Squad
Construct Weapon Support Center
M1919 Machine Gun Team
M1919 Machine Gun Team
Construct Medical Station
Bazooka Squad
Infantry Support Center
Selects Fast Deploy
M1918 Browning Automatic Rifles
Selects M8 Scott SPG
M8 Scott SPG
Riflemen Squad
Engineer Squad
Bazooka Squad
Construct Tank Depot
Selects UNKNOWN (2160077)
Selects Veteran Crews
M4A3E8 Sherman Easy Eight
Selects M31 Recovery Vehicle
Grenade Package
Selects War Machine
Riflemen Squad
M31 Recovery Vehicle
M4A3E8 Sherman Easy Eight
Bazooka Squad
M18 Hellcat Tank Destroyer
Riflemen Squad
.30 cal Machine Gun
Survival Training
sharpshooter
Bego
MoronPark-四海云水怒
乱杀大王
0
0
Comments
sign in to comment!
No comments posted yet!